 Dungeon Crawl Stone Soup version 0.31-a0-174-g85c54bcb58 (webtiles) character file.

Game seed: 17187644915965245079

117 qw the Shooter (level 5, -1/32 HPs)
             Began as a Gargoyle Hunter on June 15, 2023.
             Slain by a river rat (4 damage)
             ... summoned by Eustachio
             ... on level 4 of the Dungeon.
             The game lasted 00:01:03 (2280 turns).

qw the Shooter (Gargoyle Hunter)                    Turns: 2280, Time: 00:01:03

Health: -1/32      AC:  9    Str: 14    XL:     5   Next: 1%
Magic:  5/5        EV: 16    Int: 10    God:
Gold:   11         SH:  0    Dex: 15    Spells: 4/4 levels left

rFire   + . .        Y - +0 shortbow
rCold   . . .        (shield currently unavailable)
rNeg    + . .        e - +0 ring mail
rPois   inf          (no helmet)
rElec   +            (no cloak)
rCorr   .            (no gloves)
SInv    .            (no boots)
Will    .....        (no amulet)
Stlth   +            j - +5 ring of evasion
HPRegen 0.25/turn    n - ring of protection from fire
MPRegen 0.09/turn

%: no passive effects
@: no status effects
A: sickness immunity, AC +4, negative energy resistance 1, electricity
resistance, torment resistance 1, petrification resistance
a: no special abilities


You were on level 4 of the Dungeon.
You visited 1 branch of the dungeon, and saw 4 of its levels.

You collected 228 gold pieces.
You spent 217 gold pieces at shops.


Innate Abilities, Weirdness & Mutations

You are immune to sickness and miasma.
Your stone body is resilient. (AC +4)
You are immune to poison.
You resist negative energy. (rN+)
You are resistant to electric shocks. (rElec)
You are resistant to unholy torment.
You are immune to petrification.


   Skills:
 - Level 3.0 Fighting
 + Level 5.6 Ranged Weapons
 - Level 1.3 Armour
 - Level 1.5 Dodging
 - Level 1.1 Stealth


You had 4 spell levels left.
You didn't know any spells.
Your spell library was empty.

Inventory:

Hand Weapons
 Y - a +0 shortbow (weapon)
Armour
 e - a +0 ring mail (worn)
Jewellery
 j - a +5 ring of evasion (left hand)
 n - a ring of protection from fire (right hand)
Scrolls
 d - a scroll of identify
Potions
 b - a potion of might
 c - a potion of invisibility {unknown}
 f - a potion of cancellation
 g - 2 potions of attraction
 h - a potion of haste {unknown}
 i - a potion of curing
 l - a potion of lignification
 m - a potion of degeneration {unknown}

Dungeon Overview and Level Annotations

Branches:
Dungeon (4/15)
 Temple: D:4-7

Altars:

Shops:
D:3 ?*!(

Annotations:
D:4 3 runed translucent doors, Eustachio; qw's ghost, novice NaHu


Message History

You shoot an arrow. The arrow barely misses the river rat.
The bat completely misses you. The river rat bites you. x2
You shoot an arrow. The arrow hits the river rat!
The river rat is severely wounded.
The bat hits you but does no damage. The bat misses you.
The river rat closely misses you. The river rat bites you.
The white imp gestures at you.
The puff of frost hits you but does no damage.
The river rat misses you.
You shoot an arrow. The arrow barely misses the river rat.
The arrow hits the white imp.
The white imp is heavily wounded.
The bat misses you. The river rat bites you. The bat barely misses you.
The white imp puffs mist at you. The river rat misses you.
Eustachio gestures wildly while chanting.
Eustachio blinks!
The river rat barely misses you.
You shoot an arrow.
The arrow hits the river rat but does no damage.
The river rat is severely wounded.
The bat completely misses you. The white imp gestures at you.
The puff of frost misses you. The river rat barely misses you. x2
The white imp hits you but does no damage.
The crimson imp blinks!
You shoot an arrow.
The arrow hits the river rat but does no damage.
The river rat is severely wounded.
Eustachio mumbles some strange words.
Eustachio blinks!
The river rat bites you. x2; The crimson imp blinks!
The white imp misses you. The white imp closely misses you.
You shoot an arrow.
The arrow completely misses the river rat.
The river rat bites you but does no damage.
The river rat bites you. The white imp gestures at you.
The puff of frost hits you.
The white imp hits you but does no damage.
The river rat bites you.
You die...

.... #..#..# ##..# ....# .....
##..## .....##...# ##...##
......#...# ##...#.. ......#...#
##...##.. ..........####
##....#... .........@...###
####....##...
......5..#[....######......###...
......).#####¤..@5b.........#....
.......## ###r5r....¤..........
###...# ###.....##......>.. ##.#
##....#####..#### ## ###### ####


You could see Eustachio, 2 river rats, 2 white imps and a bat (summoned).

Vanquished Creatures
  An iguana (D:4)
  An adder (D:2)
  A dart slug (D:2)
  4 orcs
  4 ball pythons
  5 bats
  6 endoplasms
  4 giant cockroaches
  6 goblins
  7 hobgoblins
  8 jackals (D:1)
  3 kobolds
  4 quokkas
  5 frilled lizards
  7 rats
66 creatures vanquished.

Notes
Turn   | Place    | Note
-------+----------+-------------------------------------------
     0 | D:1      | qw the Gargoyle Hunter began the quest for the Orb.
     0 | D:1      | Reached XP level 1. HP: 12/12 MP: 1/1
     0 | D:1      | 0 ||| qw: Version: 0.2-a-29-g511e9b1
     0 | D:1      | 0 ||| qw: Game counter: 5361
     0 | D:1      | 0 ||| qw: Always use a shield: true
     0 | D:1      | 0 ||| qw: God list: Okawaru
     0 | D:1      | 0 ||| qw: Allow faded altars: false
     0 | D:1      | 0 ||| qw: Do Orc after D:15 true
     0 | D:1      | 0 ||| qw: Do second Lair branch before Depths: true
     0 | D:1      | 0 ||| qw: Lair rune preference: random
     0 | D:1      | 0 ||| qw: Plans: Normal, Zot:1-4, Slime:5, God:TSO, Crypt,
                  | Tomb, Abyss, Pan, Hells, Win
     0 | D:1      | 0 ||| PLANNING D:1-11
    90 | D:1      | Reached XP level 2. HP: 17/17 MP: 2/2
   202 | D:1      | Reached XP level 3. HP: 21/21 MP: 3/3
   219 | D:1      | Reached skill level 5 in Ranged Weapons
   745 | D:1      | 745 ||| UPGRADING to +0 ring mail.
   755 | D:1      | 755 ||| DROPPING +0 leather armour.
   756 | D:1      | 756 ||| READING scroll labelled LOSINA QUKKER.
   757 | D:1      | 757 ||| READING scroll labelled YMOTHUO UFRAI.
   762 | D:1      | 762 ||| READING scroll labelled TIK XUAMAKHLUNAT.
   763 | D:1      | 763 ||| READING scroll labelled XEEWIAL UTOOLA.
   764 | D:1      | 764 ||| DROPPING scroll of butterflies.
   975 | D:2      | Reached skill level 1 in Armour
   975 | D:2      | Reached XP level 4. HP: 23/27 MP: 4/4
  1024 | D:2      | Reached skill level 3 in Fighting
  1428 | D:2      | 1428 ||| UPGRADING to +5 ring of evasion.
  1429 | D:2      | 1429 ||| READING 2 scrolls labelled HIAMUNUADA.
  1430 | D:2      | 1430 ||| READING scroll labelled AWEISA XEPTEI.
  1431 | D:2      | 1431 ||| DRINKING 3 pink potions.
  1432 | D:2      | 1432 ||| DRINKING 2 metallic coppery potions.
  1433 | D:2      | 1433 ||| DRINKING 2 lumpy amethyst potions.
  1434 | D:2      | 1434 ||| DROPPING scroll of blinking.
  1435 | D:2      | 1435 ||| DROPPING potion of brilliance.
  1575 | D:3      | Found Ojoxtemm's Distillery.
  1580 | D:3      | 1580 ||| BUYING potion of attraction (33 gold).
  1580 | D:3      | Bought a potion of attraction for 33 gold pieces
  1580 | D:3      | 1580 ||| BUYING potion of cancellation (88 gold).
  1580 | D:3      | Bought a potion of cancellation for 88 gold pieces
  1580 | D:3      | 1580 ||| BUYING potion of lignification (33 gold).
  1580 | D:3      | Bought a potion of lignification for 33 gold pieces
  1580 | D:3      | 1580 ||| SHOPLISTING potion of resistance (110 gold, have
                  | 13).
  1607 | D:3      | Found Tokh's Antique Weapon Shop.
  1706 | D:3      | Found Cenipn's Magic Scroll Shop.
  1711 | D:3      | 1711 ||| BUYING scroll of identify (24 gold).
  1711 | D:3      | Bought a scroll of identify for 24 gold pieces
  1711 | D:3      | 1711 ||| SHOPLISTING scroll of teleportation (36 gold, have
                  | 21).
  1718 | D:3      | Found Iliden's Armour Shop.
  1866 | D:3      | Found Loworgh's Assorted Antiques.
  1873 | D:3      | 1873 ||| BUYING 2 red potions (39 gold).
  1873 | D:3      | Bought 2 red potions for 39 gold pieces
  1873 | D:3      | 1873 ||| SHOPLISTING notched wooden ring (110 gold, have
                  | 0).
  1873 | D:3      | 1873 ||| SHOPLISTING potion of attraction (66 gold, have
                  | 0).
  1873 | D:3      | 1873 ||| SHOPLISTING potion of cancellation (176 gold, have
                  | 0).
  1873 | D:3      | 1873 ||| SHOPLISTING potion of lignification (66 gold, have
                  | 0).
  1873 | D:3      | 1873 ||| SHOPLISTING scroll labelled BEPPUX GIUGHAEZ (22
                  | gold, have 0).
  1873 | D:3      | 1873 ||| SHOPLISTING scroll of identify (44 gold, have 0).
  2004 | D:3      | 2004 ||| UPGRADING to ring of protection from fire.
  2005 | D:3      | 2005 ||| READING scroll labelled KAUTARIHOENO.
  2006 | D:3      | 2006 ||| DRINKING 2 coppery potions.
  2007 | D:3      | 2007 ||| DRINKING 3 red potions.
  2008 | D:3      | 2008 ||| READING 2 scrolls of identify.
  2008 | D:3      | 2008 ||| IDENTIFYING amethyst potion
  2009 | D:3      | 2009 ||| DROPPING 2 potions of enlightenment.
  2098 | D:4      | Found a runed translucent gate.
  2102 | D:4      | Found a runed translucent gate.
  2106 | D:4      | Found a runed translucent gate.
  2106 | D:4      | Identified the +3 scale mail of Xulost {+Blink +Inv Regen+}
  2109 | D:4      | Noticed qw's ghost (novice NaHu)
  2224 | D:4      | Noticed Eustachio
  2236 | D:4      | Reached XP level 5. HP: 24/32 MP: 5/5
  2241 | D:4      | 2241 ||| FLEEEEING.
  2242 | D:4      | 2242 ||| FLEEEEING.
  2243 | D:4      | 2243 ||| FLEEEEING.
  2244 | D:4      | 2244 ||| FLEEEEING.
  2245 | D:4      | 2245 ||| FLEEEEING.
  2246 | D:4      | 2246 ||| FLEEEEING.
  2247 | D:4      | 2247 ||| FLEEEEING.
  2248 | D:4      | 2248 ||| FLEEEEING.
  2249 | D:4      | 2249 ||| FLEEEEING.
  2264 | D:4      | HP: 8/32 [river rat[Eustachio] (4)]
  2265 | D:4      | 2265 ||| DRINKING 2 potions of heal wounds.
  2271 | D:4      | HP: 4/32 [river rat[Eustachio] (6)]
  2272 | D:4      | 2272 ||| DRINKING potion of heal wounds.
  2277 | D:4      | HP: 8/32 [river rat[Eustachio] (2)]
  2280 | D:4      | HP: 3/32 [white imp/puff of frost[Eustachio] (1)]
  2280 | D:4      | Slain by a river rat

Levels and vault maps discovered:
D:1:      dpeg_arrival_round_c, layout_basic
D:2:      layout_basic, small_statue_intersection
D:3:      layout_loops_ring, serial_shops, shop, shop,
          nicolae_shop_just_a_little_nook, nicolae_shop_waterfront, shop
D:4:      nicolae_cairo_tiling, layout_cave_pods, biasface_ghost_orc_armoury,
          uniq_eustachio, uniq_ijyb, uniq_crazy_yiuf_cottage, uniq_sigmund

Skill      XL: |  1  2  3  4 |
---------------+-------------+-----
Ranged Weapons | 5 |  5.6
Armour         | 1 |  1.3
Fighting       | 3 |  3.0
Dodging        | |  1.5
Stealth        | |  1.1

Action                     |  1- 3 |  4- 6 || total
---------------------------+-------+-------++-------
   Fire: Shortbow          |   120 |   119 ||   239
    Use: Scroll            |     4 |     4 ||     8
         Potion            |       |     7 ||     7
 Armour: Leather armour    |    32 |       ||    32
         Ring mail         |    10 |    39 ||    49
  Dodge: Dodged            |    58 |   129 ||   187

Table legend:
 A = Non-vault XP
 B = Vault XP
 C = Vault XP percentage of total XP
 D = Non-vault monster count
 E = Vault monster count
 F = Vault count percentage of total count
                 A         B        C        D         E       F
            +---------+---------+-------+---------+---------+-------
      Total |     168 |       0 |   0.0 |      66 |       0 |   0.0
            +---------+---------+-------+---------+---------+-------
        D:1 |      66 |       0 |   0.0 |      38 |       0 |   0.0
        D:2 |      34 |       0 |   0.0 |      12 |       0 |   0.0
        D:3 |      15 |       0 |   0.0 |       8 |       0 |   0.0
        D:4 |      53 |       0 |   0.0 |       8 |       0 |   0.0
            +---------+---------+-------+---------+---------+-------
